 Dungeon Crawl Stone Soup version 0.16-a0-1885-g0f03bb0 (webtiles) character file.

497782 timbw the Shatterer (level 23, -6/221 (226) HPs)
             Began as a Troll Hunter on Nov 4, 2014.
             Was a High Priest of Okawaru.
             Mangled by a death scarab (8 damage)
             ... on level 1 of the Tomb of the Ancients on Nov 5, 2014.
             The game lasted 04:00:23 (35434 turns).

timbw the Shatterer (Troll Hunter)                 Turns: 35434, Time: 04:00:23

HP:   -6/221 (226)  AC: 28    Str: 26      XL:     23   Next: 38%
MP:   12/25         EV: 12    Int:  2 (7)  God:    Okawaru [*****.]
Gold: 1610          SH:  0    Dex: 24      Spells: 7 memorised, 8 levels left

rFire  . . .     SeeInvis +     a - +2 giant spiked club "Erulow" {speed, +Inv rF+ Dex+4}
rCold  + . .     Clarity  .     S - +4 shadow dragon armour (curse)
rNeg   . . .     SustAb   .     (shield restricted)
rPois  .         Gourm    +     W - +3 crown of Dyrovepreva {rElec Int+2 SInv}
rElec  +         Spirit   .     c - +5 cloak of Deisecot {MR+ Dex+3}
rCorr  .         Warding  +     (gloves unavailable)
rMut   .         Rnd*Tele +     (boots unavailable)
MR     +....                    Y - amulet of warding
Stlth  +++.......               t - ring of teleportation
                                L - ring of ice

@: about to teleport, vulnerable, flayed, negative energy vulnerable, slowed,
studying Stealth, repel missiles, very heavily drained, very slow, somewhat
resistant to hostile enchantments, fairly stealthy
A: unfitting armour, claws 3, see invisible, deterioration 1, dopey 1, fast
metabolism 3, gourmand, regeneration 2, screaming 1, shaggy fur 1, tough skin 2,
placid magic 1, MP-powered wands 2
a: Heroism, Finesse, Renounce Religion, Evoke Invisibility, Evoke Teleportation
}: 4/15 runes: serpentine, barnacled, slimy, silver


You were on level 1 of the Tomb of the Ancients.
You worshipped Okawaru.
Okawaru was extremely pleased with you.
You were not hungry.

You visited 11 branches of the dungeon, and saw 58 of its levels.
You also visited: Ice Cave.

You collected 5999 gold pieces.
You spent 4389 gold pieces at shops.

Inventory:

Hand weapons
 a - the +2 giant spiked club "Erulow" (weapon) {speed, +Inv rF+ Dex+4}
   (Okawaru gifted it to you on level 2 of the Depths)

   Attacks with this weapon are significantly faster.
   It affects your dexterity (+4).
   It protects you from fire.
   It lets you turn invisible.
 U - the +6 giant spiked club of Skune {antimagic, Int-2}
   (Okawaru gifted it to you on level 6 of the Pits of Slime)

   It disrupts the flow of magical energy around spellcasters and certain
   magical creatures (including the wielder).
   It affects your intelligence (-2).
Missiles
 G - 50 large rocks (quivered)
 M - 5 javelins of penetration
Armour
 c - the +5 cloak of Deisecot (worn) {MR+ Dex+3}
   (Okawaru gifted it to you on level 4 of the Vaults)

   It affects your dexterity (+3).
   It affects your resistance to hostile enchantments.
 J - a cursed +1 hat of cold resistance
 S - a cursed +4 shadow dragon armour (worn)
 W - the cursed +3 crown of Dyrovepreva (worn) {rElec Int+2 SInv}
   (You found it on level 6 of the Pits of Slime)

   It affects your intelligence (+2).
   It insulates you from electricity.
   It enhances your eyesight.
   It has a curse placed upon it.
Magical staves
 b - an uncursed staff of wizardry
Jewellery
 k - an uncursed amulet of clarity
 m - an uncursed ring of protection from fire
 s - the ring of Kueveh {+cTele rElec}
   (You bought it in a shop on level 4 of the Orcish Mines)

   [ring of teleport control]

   It can be evoked for teleport control.
   It insulates you from electricity.
 t - a ring of teleportation (right claw)
 w - the ring "Pheuf" {rN+ Dex+4 Int+4}
   (You took it off a death knight on level 3 of the Crypt)

   [ring of positive energy]

   It affects your intelligence (+4).
   It affects your dexterity (+4).
   It protects you from negative energy.
 y - the ring of Robustness {AC+8}
   (You bought it in a shop on level 4 of the Orcish Mines)

   [ring of protection]

   It affects your AC (+8).
 F - a cursed ring of poison resistance
 L - a ring of ice (left claw)
 N - an uncursed amulet of resist mutation
 Y - an amulet of warding (around neck)
 Z - a +2 ring of slaying
Magical devices
 e - a wand of disintegration (10)
 h - a wand of digging (9)
 i - a wand of teleportation (3)
 u - a wand of teleportation (5)
 P - a wand of heal wounds (4)
 X - a wand of invisibility (1)
Scrolls
 v - 13 scrolls of remove curse
 z - 2 scrolls of holy word
 E - 4 scrolls of recharging
 I - 5 scrolls of fog
 K - 3 scrolls of identify
 O - 8 scrolls of teleportation
 T - a scroll of silence
 V - 5 scrolls of magic mapping
Potions
 d - a potion of resistance
 f - 5 potions of curing
 g - 5 potions of might
 j - 5 potions of magic
 l - 3 potions of porridge
 o - a potion of lignification
 p - 5 potions of cancellation
 r - 4 potions of agility
 B - 4 potions of restore abilities
 C - 2 potions of haste
 D - 4 potions of brilliance
 Q - 4 potions of berserk rage
 R - a potion of heal wounds
Books
 n - a manual of Stealth
Miscellaneous
 A - a phial of floods
Comestibles
 q - 16 bread rations
 x - 21 meat rations


   Skills:
 - Level 12.9(8.8) Fighting
 - Level 21.1(16.2) Maces & Flails
 - Level 3.6(0.3) Throwing
 - Level 8.9(5.1) Armour
 - Level 12.9(8.7) Dodging
 - Level 1.1(0.0) Stealth
 - Level 4.0(0.7) Spellcasting
 * Level 11.4(7.4) Hexes
 - Level 5.2(1.8) Charms
 - Level 7.3(3.7) Necromancy
 * Level 12.7(8.6) Air Magic
 - Level 5.7(2.2) Invocations


You had 8 spell levels left.
You knew the following spells:

 Your Spells              Type           Power        Failure   Level  Hunger
a - Flight                Chrm/Air       #.........   89%         3    ####...
b - Regeneration          Chrm/Necr      #.........   100%        3    ####...
c - Repel Missiles        Chrm/Air       #.....       54%         2    ###....
d - Silence               Hex/Air        #.........   100%        5    ######.
e - Haste                 Chrm           #.......     100%        6    #######
f - Apportation           Tloc           #.........   100%        1    ##.....
g - Blink                 Tloc           N/A          100%        2    ###....


Dungeon Overview and Level Annotations

Branches:
Dungeon (15/15)              Lair (8/8) D:10         Shoals (5/5) Lair:4
  Snake (5/5) Lair:6        Slime (6/6) Lair:8          Orc (4/4) D:9
    Elf (3/3) Orc:3        Vaults (5/5) D:14          Crypt (3/3) Vaults:3
   Tomb (1/3) Crypt:3      Depths (3/5) D:15
 Temple: D:4-7

Altars:
Kikubaaqudgha
Makhleb
Okawaru
Ru
Trog
The Shining One
Beogh

Shops:
D:11 }(   D:14 ?   D:15 ?   Orc:4 ==[:   Elf:2 (   Shoals:1 (   Vaults:2 *

Portals:
Hell: Depths:1 Depths:2

Annotations:
Lair:4 exclusion: oklob plant


Innate Abilities, Weirdness & Mutations

You are too large for most types of armour.
You have claws for hands.
Your metabolism is lightning-fast.
You like to eat raw meat.
You heal very quickly.
You are covered in fur (AC +1).
You have very tough skin (AC +2).
You have supernaturally acute eyesight.
Your body is slowly deteriorating.
You are dopey. (Int -2)
You occasionally shout uncontrollably at your foes.
Your spells are a little easier to cast, but a little less powerful.
You expend magic power (12 MP) to strengthen your wands.


Message History

* * * LOW HITPOINT WARNING * * *
The phantasmal warrior hits you.
* * * LOW HITPOINT WARNING * * *
Drink which item? (? for menu, Esc to quit)
You feel much better. The death scarab bites you.
The death scarab drains your vigor!
You feel as though you will be slow longer.
* * * LOW HITPOINT WARNING * * *
The death scarab bites you.
You feel drained. The death scarab bites you.
You feel drained.
The death scarab draws strength from your injuries!
The death scarab closely misses you. The death scarab bites you!
* * * LOW HITPOINT WARNING * * *
You feel drained.
* * * LOW HITPOINT WARNING * * *
The death scarab closely misses you. The death scarab bites you.
You feel drained.
The greater mummy calls on the powers of darkness!
You feel a surge of unholy energy. The death scarab bites you!
You die...

................H...........8...8
.................H...............
.........##################......
.........# #.8...8 .........#
#...... ....B....# #......
...§.....# ########## #.8M..8
..§.....(# #BMBBW...# #..†...
§.§......# #zB@WMW..# #......
§.......# #§B####..# #.8...8
.......# #zM# #..M... ... #WZ#
#..L... #.B# #.8M..8 #..§ #.MM...
#..§ ##''''' ...
##############.....z ......H.
#.M.§H..§..........H


You could see 2 greater mummies, a mummy priest, 2 flayed ghosts, a phantasmal
warrior, 6 death scarabs, a shadow, 2 flying skulls and a frost giant zombie.

Vanquished Creatures
  the royal jelly (Slime:6)
  A greater mummy (Tomb:1)
  Norris (Snake:3)
  Saint Roka (Vaults:3)
  Mennas (Crypt:2)
  2 golden dragons
  Jory (Crypt:3)
  A profane servitor (Crypt:3)
  Frederick (Vaults:3)
  A bone dragon (Crypt:3)
  4 tentacled monstrosities
  Vashnia (Snake:4)
  A lich (Depths:2)
  2 deep elf blademasters (Elf:3)
  4 titans
  9 acid blobs
  2 deep elf master archers (Elf:3)
  2 quicksilver dragons (Vaults:5)
  Polyphemus (Shoals:5)
  9 sphinxes
  Rupert (Elf:2)
  Agnes (Shoals:3)
  4 ancient champions
  Kirke (Shoals:1)
  3 tengu reavers
  3 storm dragons (Vaults:5)
  4 shadow dragons
  13 azure jellies
  Ilsuiw (Shoals:5)
  6 greater nagas
  Donald (Snake:1)
  Wiglaf (Shoals:5)
  5 fire giants
  2 iron dragons
  5 frost giants
  Aizul (Snake:1)
  10 vault wardens
  7 deep elf sorcerers (Elf:3)
  A curse skull (Crypt:3)
  A balrug (Vaults:3)
  A ghoul (Crypt:3)
  A spriggan defender (Depths:2)
  Jorgrun (Crypt:2)
  A war gargoyle (Vaults:5)
  A cacodemon (Elf:3)
  3 very ugly things
  12 deep elf demonologists
  A reaper (Elf:3)
  8 stone giants
  4 rakshasas
  A caustic shrike skeleton (Crypt:2)
  Azrael (Snake:2)
  5 deep elf annihilators
  3 death oozes (Slime:6)
  28 vault guards
  5 deep elf death magi (Elf:3)
  Snorg (Lair:7)
  An unborn (Crypt:3)
  6 ettins
  A crystal guardian (Vaults:5)
  A green death (Elf:3)
  2 minotaurs (shapeshifter) (Vaults:5)
  A death cob (Crypt:3)
  3 merfolk javelineers (Shoals:5)
  10 yaktaur captains
  2 eidola (Crypt:1)
  2 blizzard demons (IceCv)
  A mummy priest (Tomb:1)
  2 fire dragons
  5 merfolk impalers
  A fire dragon (shapeshifter) (Vaults:5)
  4 deep elf high priests
  11 ironheart preservers
  An ice dragon (Vaults:4)
  8 great orbs of eyes
  10 jiangshi (Crypt:3)
  A ghost crab (shapeshifter) (Elf:3)
  Harold (D:14)
  14 naga warriors
  Nessos (D:14)
  4 hydras (Lair:8)
  2 alligator snapping turtles (Shoals:5)
  Erica (Lair:6)
  A ghost crab (Vaults:3)
  3 anacondas (Snake:1)
  5 merfolk avatars
  5 centaur warriors
  8 death yaks
  A spectral sphinx (Vaults:3)
  6 merfolk aquamancers (Shoals:5)
  12 dancing weapons (Elf:2)
  9 ogre magi
  3 deep troll shamans
  A satyr (Shoals:5)
  6 orc high priests
  2 vampire magi
  2 death knights (Crypt:3)
  20 naga sharpshooters
  2 hell beasts (Elf:3)
  Nergalle (Orc:4)
  15 deep elf knights
  4 shock serpents
  2 catoblepae
  3 shadow wraiths
  32 skeletal warriors
  5 ice devils
  An unseen horror (shapeshifter) (Vaults:2)
  5 deep trolls
  A sun demon (Vaults:3)
  A lindwurm (Lair:8)
  8 sea snakes
  5 naga ritualists
  3 unseen horrors
  5 salamander mystics
  2 flayed ghosts
  A soul eater (Elf:3)
  8 deep elf summoners
  A giant orange brain (D:15)
  An anubis guard (Tomb:1)
  3 ice statues
  10 hill giants
  The ghost of timbw the Basher, an experienced TrHu of Okawaru (D:9)
  A spectral iron dragon (Crypt:3)
  3 necromancers
  23 ironbrand convokers
  12 mana vipers
  6 phantasmal warriors
  17 orc knights
  2 wolf spiders
  17 deep elf conjurers
  A frost giant zombie (Crypt:3)
  8 orc sorcerers
  8 harpies
  5 water nymphs
  7 shining eyes
  4 griffons
  15 salamanders
  5 cyclopes
  5 manticores
  A faun (Shoals:1)
  18 ugly things
  A sixfirhy (Elf:3)
  2 red wasps (Vaults:3)
  A cyclops (shapeshifter) (Vaults:2)
  13 sirens
  A stone giant skeleton (Vaults:4)
  3 eyes of devastation
  28 black mambas
  Joseph (Orc:3)
  18 elephants
  8 vault sentinels
  3 gargoyles
  A small abomination (Elf:3)
  4 guardian serpents
  A rust devil (Elf:3)
  A smoke demon (Elf:3)
  2 orange demons (Elf:3)
  A kobold demonologist (Vaults:2)
  3 drowned souls
  4 spiny frogs
  A queen ant (shapeshifter) (Vaults:5)
  2 elves (shapeshifter)
  26 naga magi
  5 komodo dragons
  A fire drake (Lair:5)
  A hellwing (Elf:3)
  An eye of devastation (shapeshifter) (Vaults:5)
  2 efreet
  A guardian mummy (Depths:1)
  A hydra zombie (D:10)
  11 deep elf priests
  12 two-headed ogres
  34 yaktaurs
  6 freezing wraiths
  10 blue devils
  A jumping spider (Vaults:4)
  19 merfolk
  Sonja (Orc:3)
  3 polar bears
  A spectral harpy (Elf:3)
  7 trolls
  A wind drake (shapeshifter) (Vaults:1)
  2 silent spectres
  A wind drake (Shoals:4)
  A raven (shapeshifter) (Vaults:3)
  57 slime creatures
  A stone giant simulacrum (Vaults:4)
  A blink frog (shapeshifter) (D:15)
  A snapping turtle (shapeshifter) (D:15)
  A raven (D:15)
  2 boulder beetles (Vaults:2)
  10 blink frogs
  4 redbacks
  An alligator zombie (Crypt:3)
  A basilisk (Lair:4)
  A spriggan (Lair:1)
  6 water elementals
  10 snapping turtles
  21 deep elf magi
  29 yaks
  A trapdoor spider (D:14)
  A spriggan (shapeshifter) (D:15)
  8 shadows
  46 flying skulls
  A fire elemental (Snake:2)
  3 hogs
  2 humans (shapeshifter)
  A wraith (Crypt:1)
  2 hungry ghosts
  2 golden eyes (shapeshifter)
  5 wyverns
  12 wargs
  25 deep elf fighters
  A steam dragon (Shoals:5)
  A wolf (shapeshifter) (D:14)
  50 nagas
  5 vampire mosquitoes
  6 mottled dragons
  6 porcupines
  20 wolves
  5 hippogriffs
  A water nymph zombie (Crypt:2)
  3 hell hounds (Snake:2)
  30 water moccasins
  A black bear (shapeshifter) (Vaults:3)
  4 necrophages (Crypt:3)
  A sky beast (D:11)
  A catoblepas simulacrum (Crypt:3)
  A black bear (D:8)
  8 eyes of draining
  59 orc warriors
  3 phantoms
  2 ice beasts
  9 crocodiles
  2 human simulacra (Vaults:3)
  3 boggarts (Vaults:2)
  47 ogres
  A swamp dragon skeleton (Crypt:1)
  9 centaurs
  A yellow wasp (D:12)
  A human zombie (Vaults:4)
  10 giant frogs
  3 big kobolds
  4 scorpions
  A hippogriff zombie (D:10)
  A troll skeleton (D:7)
  19 wights
  3 electric eels (Lair:2)
  2 killer bees (D:11)
  A goliath beetle (D:8)
  6 crimson imps
  2 quasits
  4 hounds
  A gnoll shaman (D:4)
  19 jellies
  A centaur skeleton (D:9)
  2 orange rats
  39 orc priests
  3 elf zombies (Elf:1)
  5 iguanas
  45 orc wizards
  12 worker ants
  7 sheep (Lair:5)
  Jessica (D:2)
  A necrophage skeleton (Crypt:3)
  5 mummies (Tomb:1)
  13 gnolls
  2 orc zombies
  26 adders
  47 green rats
  An orc skeleton (D:11)
  A shadow imp (D:14)
  A goliath beetle zombie (D:7)
  3 white imps (IceCv)
  4 worms
  7 ufetubi (IceCv)
  An adder skeleton (D:8)
  2 iguana zombies
  3 oozes (Lair:8)
  197 orcs
  3 giant cockroaches
  15 goblins
  17 hobgoblins
  13 kobolds
  2 ball pythons (Lair:6)
  10 bats
  An elf skeleton (Elf:1)
  5 giant geckos
  2 giant newts
  A giant spore (D:11)
  7 jackals
  9 quokkas
  9 rats
  2 ballistomycetes
  4 fungi
  9 plants
2049 creatures vanquished.

Vanquished Creatures (others)
  A deep elf high priest (Elf:3)
  2 deep elf knights (Elf:3)
  4 death scarabs (Tomb:1)
  An unseen horror (D:15)
  8 drowned souls
  A fire drake (shapeshifter) (D:15)
  A red devil (Elf:3)
  A deep elf fighter (Elf:3)
  A golden eye (Slime:6)
  A naga (Snake:1)
  5 lost souls
  An orc wizard (D:11)
  A mummy (Tomb:1)
  3 white imps (IceCv)
  4 ufetubi (IceCv)
  2 orcs (Vaults:5)
  A kobold (D:14)
  A giant spore (D:13)
  3 fungi
  A plant (Shoals:5)
43 creatures vanquished.

Grand Total: 2092 creatures vanquished

Notes
Turn   | Place    | Note
--------------------------------------------------------------
     0 | D:1      | timbw, the Troll Hunter, began the quest for the Orb.
     0 | D:1      | Reached XP level 1. HP: 19/19 MP: 1/1
    69 | D:1      | Reached XP level 2. HP: 7/27 MP: 1/1
    90 | D:2      | Noticed Jessica
   118 | D:2      | Reached XP level 3. HP: 31/33 MP: 2/2
   132 | D:2      | Killed Jessica
   198 | D:2      | Reached XP level 4. HP: 19/41 MP: 2/2
   382 | D:3      | Found an iron altar of Okawaru.
   404 | D:3      | Became a worshipper of Warmaster Okawaru
   555 | D:3      | Reached skill level 1 in Maces & Flails
   783 | D:4      | Reached XP level 5. HP: 48/48 MP: 2/2
  1019 | D:4      | Reached XP level 6. HP: 53/55 MP: 3/3
  1021 | D:4      | Acquired Okawaru's first power
  1055 | D:4      | Reached skill level 4 in Maces & Flails
  1185 | D:5      | Entered Level 5 of the Dungeon
  1199 | D:5      | Reached skill level 5 in Maces & Flails
  1232 | D:5      | Reached XP level 7. HP: 46/62 MP: 3/3
  1468 | D:5      | Reached skill level 6 in Maces & Flails
  1616 | D:7      | Reached skill level 7 in Maces & Flails
  1791 | D:8      | Found a glowing golden altar of the Shining One.
  1841 | D:8      | Reached XP level 8. HP: 70/70 MP: 3/3
  2085 | D:8      | Reached skill level 8 in Maces & Flails
  2233 | D:9      | Found a staircase to the Orcish Mines.
  2278 | D:9      | Found a roughly hewn altar of Beogh.
  2396 | D:8      | Noticed a deep elf mage
  2402 | D:8      | Killed a deep elf mage
  2402 | D:8      | Reached skill level 9 in Maces & Flails
  2481 | D:9      | Noticed a troll
  2501 | D:9      | Killed a troll
  2501 | D:9      | Reached XP level 9. HP: 76/76 MP: 4/4
  2531 | D:9      | Reached skill level 10 in Maces & Flails
  2587 | D:10     | Entered Level 10 of the Dungeon
  2653 | D:10     | Found a staircase to the Lair.
  2819 | D:10     | Reached skill level 11 in Maces & Flails
  3092 | D:11     | You fall through a shaft for 3 floors!
  3115 | D:14     | Noticed an efreet
  3116 | D:14     | Killed an efreet
  3116 | D:14     | Reached skill level 12 in Maces & Flails
  3118 | D:14     | Noticed a cyclops
  3124 | D:14     | Killed a cyclops
  3124 | D:14     | Reached XP level 10. HP: 17/85 MP: 3/4
  3213 | D:14     | Noticed a vault guard
  3215 | D:14     | Noticed a gargoyle
  3217 | D:14     | VAULTS
  3342 | D:12     | Noticed a brown ugly thing
  3349 | D:12     | Killed a brown ugly thing
  3368 | D:11     | Noticed an unseen horror
  3371 | D:11     | Killed an unseen horror
  3371 | D:11     | Reached skill level 13 in Maces & Flails
  3396 | D:11     | Found Tetoi's Weapon Shop.
  3636 | D:11     | Found Unacha's Gadget Shop.
  3654 | D:11     | Received a gift from Okawaru
  3671 | D:11     | Got a crude flail
  3728 | D:11     | Found a glowing golden altar of the Shining One.
  3855 | Lair:1   | Entered Level 1 of the Lair of Beasts
  3897 | Lair:1   | Reached skill level 1 in Invocations
  3955 | Lair:1   | Reached XP level 11. HP: 87/96 MP: 4/6
  4340 | Lair:2   | Reached skill level 14 in Maces & Flails
  4394 | Lair:3   | Reached skill level 5 in Dodging
  4694 | Lair:4   | Found an iron altar of Okawaru.
  4754 | Lair:4   | Found a staircase to the Shoals.
  5418 | Lair:5   | Acquired Okawaru's second power
  5493 | Lair:5   | Received a gift from Okawaru
  5517 | Lair:5   | Learned a level 3 spell: Flight
  5521 | Lair:5   | Learned a level 3 spell: Regeneration
  5615 | Lair:6   | Found a staircase to the Snake Pit.
  5668 | Lair:6   | Reached XP level 12. HP: 55/110 MP: 11/13
  5791 | Lair:6   | Reached skill level 5 in Fighting
  5942 | Lair:6   | Reached skill level 15 in Maces & Flails
  6067 | Lair:7   | Received a gift from Okawaru
  6142 | Lair:6   | Reached skill level 5 in Invocations
  6165 | Lair:6   | Noticed Erica
  6171 | Lair:6   | Killed Erica
  6795 | Lair:7   | Noticed Snorg
  6805 | Lair:7   | Killed Snorg
  6864 | Lair:8   | Entered Level 8 of the Lair of Beasts
  6923 | Lair:8   | Noticed a five-headed hydra
  6932 | Lair:8   | Killed a five-headed hydra
  6974 | Lair:8   | Noticed a five-headed hydra
  6982 | Lair:8   | Killed a five-headed hydra
  7009 | Lair:8   | Reached XP level 13. HP: 114/122 MP: 17/17
  7268 | Lair:8   | Reached skill level 16 in Maces & Flails
  7304 | Lair:8   | Received a gift from Okawaru
  7567 | Lair:8   | Found a staircase to the Slime Pits.
  8022 | Lair:2   | Received a gift from Okawaru
  8023 | Lair:2   | Got a fine cloak {god gift}
  8029 | Lair:2   | Identified the -2 cloak of the Sun {rPois Dex+2} (Okawaru gifted it to you on level 2 of the Lair of Beasts)
  8374 | D:11     | Noticed a hill giant
  8383 | D:11     | Noticed an efreet
  8401 | D:11     | Killed a hill giant
  8406 | D:11     | Killed an efreet
  8465 | D:11     | Noticed a red ugly thing
  8480 | D:11     | Killed a red ugly thing
  8678 | Orc:1    | Entered Level 1 of the Orcish Mines
  8892 | Orc:3    | Found a staircase to the Elven Halls.
  9246 | Orc:4    | Entered Level 4 of the Orcish Mines
  9645 | Orc:4    | Noticed Nergalle
  9664 | Orc:4    | Killed Nergalle
  9664 | Orc:4    | Reached XP level 14. HP: 79/135 MP: 16/18
  9696 | Orc:4    | Reached skill level 17 in Maces & Flails
 10527 | Orc:4    | Found Adivud's Jewellery Shoppe.
 10533 | Orc:4    | Found Thromn's Book Shoppe.
 10533 | Orc:4    | Found Tyoroaru's Armour Emporium.
 10533 | Orc:4    | Found Kushuita's Jewellery Shoppe.
 10738 | Orc:3    | Noticed Joseph
 10743 | Orc:3    | Killed Joseph
 10939 | Orc:3    | Received a gift from Okawaru
 10949 | Orc:3    | Noticed Sonja
 10960 | Orc:3    | Killed Sonja
 11206 | Orc:2    | Found a bloodstained altar of Trog.
 11215 | Orc:2    | Found Saipt's Magic Scroll Shop.
 11466 | Elf:1    | Entered Level 1 of the Elven Halls
 11824 | Elf:1    | You fall through a shaft!
 11991 | Elf:2    | Found Eheiffainerph's Antique Weapon Shoppe.
 12066 | Elf:2    | Found a frozen archway.
 12078 | IceCv    | Entered an ice cave
 12191 | IceCv    | Reached skill level 18 in Maces & Flails
 12300 | IceCv    | Received a gift from Okawaru
 12584 | IceCv    | Reached XP level 15. HP: 116/146 MP: 19/19
 12880 | Elf:3    | Entered Level 3 of the Elven Halls
 12986 | Elf:1    | Reached skill level 10 in Dodging
 13053 | Elf:1    | Received a gift from Okawaru
 13063 | Elf:1    | Found a burning altar of Makhleb.
 13328 | Orc:4    | Bought the ring of Robustness {AC+8} for 1920 gold pieces
 13335 | Orc:4    | Bought an uncursed ring of flight for 227 gold pieces
 13691 | Snake:1  | Entered Level 1 of the Snake Pit
 13742 | Snake:1  | Noticed Donald
 13759 | Snake:1  | Killed Donald
 13761 | Snake:1  | Received a gift from Okawaru
 14210 | D:12     | Found a sacrificial altar of Ru.
 14287 | D:14     | Noticed a vault guard
 14289 | D:14     | Noticed a vault guard
 14289 | D:14     | Noticed a manticore
 14300 | D:13     | Killed a vault guard
 14300 | D:13     | Reached skill level 1 in Armour
 14304 | D:13     | Killed a vault guard
 14319 | D:13     | Killed a vault guard
 14327 | D:14     | Killed a manticore
 14335 | D:14     | Noticed Nessos
 14349 | D:14     | Noticed a vault guard
 14356 | D:13     | HP: 6/149 [poisoned by Nessos]
 14638 | D:13     | Noticed a green ugly thing
 14646 | D:13     | Killed a green ugly thing
 14826 | D:13     | Noticed a hill giant
 14831 | D:13     | Killed a hill giant
 14874 | D:13     | Noticed a white ugly thing
 14881 | D:13     | Killed a white ugly thing
 14978 | D:14     | Killed an unseen horror
 14990 | D:14     | Noticed a hill giant
 14999 | D:14     | Killed a hill giant
 15012 | D:14     | Found a gate to the Vaults.
 15013 | D:14     | Noticed Harold
 15025 | D:14     | Killed Harold
 15052 | D:14     | Killed a gargoyle
 15066 | D:14     | Killed a vault guard
 15066 | D:14     | Reached skill level 10 in Fighting
 15067 | D:14     | Noticed a centaur warrior
 15077 | D:14     | Killed a centaur warrior
 15094 | D:14     | Killed Nessos
 15209 | D:15     | Entered Level 15 of the Dungeon
 15318 | D:15     | Found Ghiughec's Magic Scroll Boutique.
 15324 | D:15     | Received a gift from Okawaru
 15477 | D:15     | Learned a level 2 spell: Repel Missiles
 15557 | D:15     | Reached skill level 19 in Maces & Flails
 15615 | D:15     | Received a gift from Okawaru
 15762 | D:15     | Found a staircase to the Depths.
 15825 | D:14     | Found Struipr Tahi's Magic Scroll Emporium.
 15927 | D:14     | Noticed a gargoyle
 15934 | D:14     | Killed a gargoyle
 16069 | Depths:1 | Entered Level 1 of the Depths
 16190 | Depths:1 | Reached XP level 16. HP: 92/159 MP: 17/20
 16306 | Depths:2 | Found a gateway to Hell.
 16390 | Depths:1 | Noticed a sphinx
 16391 | Depths:1 | Noticed a sphinx
 16392 | Depths:1 | Paralysed by a sphinx for 5 turns
 16393 | Depths:1 | Noticed a greater mummy
 16877 | Depths:2 | Noticed a titan
 16895 | Depths:2 | Killed a titan
 16895 | Depths:2 | Received a gift from Okawaru
 17061 | Depths:2 | Noticed a tentacled monstrosity
 17067 | Depths:2 | Killed a tentacled monstrosity
 17089 | Depths:2 | Noticed a lich
 17100 | Depths:2 | Received a gift from Okawaru
 17101 | Depths:2 | Got a jewelled giant spiked club {god gift}
 17102 | Depths:2 | Identified the +2 giant spiked club "Erulow" {speed, +Inv rF+ Dex+4} (Okawaru gifted it to you on level 2 of the Depths)
 17114 | Depths:2 | Killed a lich
 17167 | Depths:2 | Noticed a golden dragon
 17185 | Depths:2 | Killed a golden dragon
 17364 | D:15     | Bought a scroll of remove curse for 42 gold pieces
 17364 | D:15     | Bought a scroll of identify for 28 gold pieces
 17364 | D:15     | Bought a scroll of fear for 49 gold pieces
 17364 | D:15     | Bought a scroll of blinking for 105 gold pieces
 17365 | D:15     | Bought a scroll of enchant armour for 105 gold pieces
 17769 | Snake:1  | Reached skill level 5 in Armour
 17863 | Snake:1  | Learned a level 5 spell: Silence
 17953 | Snake:1  | Received a gift from Okawaru
 18334 | Snake:3  | Noticed Norris
 18349 | Snake:3  | Killed Norris
 18380 | Snake:2  | Noticed Azrael
 18387 | Snake:2  | Killed Azrael
 18394 | Snake:2  | Reached XP level 17. HP: 147/170 MP: 20/20
 18456 | Snake:3  | Received a gift from Okawaru
 18470 | Snake:3  | Reached skill level 20 in Maces & Flails
 18889 | Snake:4  | Noticed Vashnia
 19074 | Snake:4  | Received a gift from Okawaru
 19158 | Snake:4  | Killed Vashnia
 19238 | Snake:5  | Entered Level 5 of the Snake Pit
 19629 | Snake:5  | Reached skill level 1 in Necromancy
 19764 | Snake:5  | Received a gift from Okawaru
 19908 | Snake:5  | Reached skill level 1 in Charms
 20012 | Snake:5  | Reached skill level 1 in Air Magic
 20019 | Snake:5  | Reached skill level 1 in Spellcasting
 20521 | Snake:5  | Got a serpentine rune of Zot
 20598 | Snake:5  | Reached XP level 18. HP: 58/182 MP: 18/21
 20908 | Snake:2  | Learned a level 6 spell: Haste
 20999 | Snake:1  | Noticed Aizul
 21012 | Snake:1  | Killed Aizul
 21181 | Shoals:1 | Entered Level 1 of the Shoals
 21181 | Shoals:1 | Found Oriana's Weapon Shop.
 21191 | Shoals:1 | Noticed Kirke
 21267 | Shoals:1 | Killed Kirke
 21582 | Shoals:3 | Noticed Agnes
 21595 | Shoals:3 | Killed Agnes
 21797 | Shoals:5 | Entered Level 5 of the Shoals
 21867 | Shoals:5 | Identified a +4 rod of striking (11/11) (You found it on level 5 of the Shoals)
 21894 | Shoals:5 | Noticed Ilsuiw
 21924 | Shoals:5 | Noticed Wiglaf
 21941 | Shoals:5 | Killed Wiglaf
 21950 | Shoals:5 | Killed Ilsuiw
 22196 | Shoals:5 | Received a gift from Okawaru
 22200 | Shoals:5 | Got a steaming cloak {god gift}
 22212 | Shoals:5 | Identified the -1 cloak "Strogyi" {Str+1 Dex+1} (Okawaru gifted it to you on level 5 of the Shoals)
 22426 | Shoals:5 | Identified the Guide on Malediction (You found it on level 5 of the Shoals)
 22481 | Shoals:5 | Noticed Polyphemus
 22516 | Shoals:5 | Killed Polyphemus
 22988 | Shoals:5 | Reached skill level 5 in Necromancy
 22998 | Shoals:5 | Got a barnacled rune of Zot
 23534 | Slime:1  | Entered Level 1 of the Pits of Slime
 23597 | Slime:1  | Reached XP level 19. HP: 41/189 MP: 21/21
 24123 | Slime:3  | Gained mutation: Your spells are a little easier to cast, but a little less powerful. [a shining eye]
 24182 | Slime:3  | Gained mutation: You occasionally shout uncontrollably at your foes. [a shining eye]
 24408 | Slime:6  | Entered Level 6 of the Pits of Slime
 24560 | Slime:6  | Reached skill level 21 in Maces & Flails
 24769 | Slime:6  | Noticed the royal jelly
 24791 | Slime:6  | Killed the royal jelly
 24791 | Slime:6  | Received a gift from Okawaru
 24891 | Slime:6  | Gained mutation: You expend magic power (6 MP) to slightly strengthen your wands. [a shining eye]
 25112 | Slime:6  | Got an ancient giant spiked club {god gift}
 25113 | Slime:6  | Identified the +6 giant spiked club of Skune {antimagic, Int-2} (Okawaru gifted it to you on level 6 of the Pits of Slime)
 25157 | Slime:6  | Got a transparent turquoise ring
 25177 | Slime:6  | Got a slimy rune of Zot
 25186 | Slime:6  | Gained mutation: You expend magic power (12 MP) to strengthen your wands. [a shining eye]
 25232 | Slime:6  | Identified the ring of Scepticism {rElec MP+9} (You found it on level 6 of the Pits of Slime)
 25235 | Slime:6  | Got a brightly glowing tin ring
 25252 | Slime:6  | Identified the ring "Qumuith" {Ice Str+3 Int-2} (You found it on level 6 of the Pits of Slime)
 25308 | Slime:6  | Reached skill level 5 in Charms
 25335 | Slime:6  | Got a glittering tin amulet
 25337 | Slime:6  | Identified the amulet of Sloth {Gourm MR++} (You found it on level 6 of the Pits of Slime)
 25358 | Slime:6  | Learned a level 1 spell: Apportation
 25361 | Slime:6  | Learned a level 2 spell: Blink
 25375 | Slime:6  | Identified a +4 rod of destruction (11/11) (You found it on level 6 of the Pits of Slime)
 25849 | Vaults:1 | Entered Level 1 of the Vaults
 25870 | Vaults:1 | Reached skill level 5 in Air Magic
 26009 | Vaults:2 | Found Omeuru's Assorted Antiques.
 26024 | Vaults:2 | Reached skill level 1 in Hexes
 26028 | Vaults:2 | Bought a potion of heal wounds for 120 gold pieces
 26028 | Vaults:2 | Bought a runed brass wand for 160 gold pieces
 26029 | Vaults:2 | Bought a fizzy amethyst potion for 36 gold pieces
 26029 | Vaults:2 | Bought a scroll of identify for 80 gold pieces
 26031 | Vaults:2 | Bought a pearl ring for 200 gold pieces
 26484 | Vaults:2 | Reached XP level 20. HP: 153/195 MP: 22/22
 26547 | Vaults:2 | Received a gift from Okawaru
 27273 | Vaults:3 | Paralysed by a red wasp for 2 turns
 27385 | Vaults:3 | Noticed Saint Roka
 27428 | Vaults:3 | Killed Saint Roka
 27800 | Vaults:3 | Noticed Frederick
 27817 | Vaults:3 | Killed Frederick
 28046 | Vaults:3 | Found a staircase to the Crypt.
 28631 | Vaults:4 | Found a burning altar of Makhleb.
 28683 | Vaults:4 | Received a gift from Okawaru
 28761 | Vaults:4 | Got a faintly glowing cloak {god gift}
 28775 | Vaults:4 | Identified the +5 cloak of Deisecot {MR+ Dex+3} (Okawaru gifted it to you on level 4 of the Vaults)
 28951 | Vaults:4 | Identified Sif Muna's Incunabulum of Malediction
 29094 | Vaults:4 | Reached skill level 5 in Hexes
 29278 | Vaults:5 | Entered Level 5 of the Vaults
 29289 | Vaults:5 | Reached XP level 21. HP: 200/204 MP: 8/24
 29541 | Vaults:5 | Got a silver rune of Zot
 29557 | Vaults:5 | Noticed a golden dragon
 29562 | Vaults:5 | Killed a golden dragon
 29676 | Vaults:5 | Received a gift from Okawaru
 29873 | Vaults:5 | Received a gift from Okawaru
 29875 | Vaults:5 | Got a dazzling cloak {god gift}
 29894 | Vaults:5 | Identified the +2 cloak of the Suburbs {rN+ Str+3} (Okawaru gifted it to you on level 5 of the Vaults)
 30343 | Vaults:5 | Got a glittering silver ring
 30344 | Vaults:5 | Identified the ring of Toutycac {+Inv Str+3 Dex+2} (You took it off an orc knight on level 5 of the Vaults)
 30548 | Vaults:5 | Reached skill level 10 in Air Magic
 30798 | Vaults:5 | Reached XP level 22. HP: 200/213 MP: 22/24
 31029 | Vaults:3 | Received a gift from Okawaru
 31034 | Vaults:3 | Got a polished giant spiked club {god gift}
 31035 | Vaults:3 | Identified the +10 giant spiked club of the Throat {freeze, Contam +Blink +Rage} (Okawaru gifted it to you on level 3 of the Vaults)
 31320 | D:9      | Noticed timbw's ghost (experienced TrHu)
 31327 | D:9      | Killed timbw's ghost
 31392 | Elf:2    | Reached skill level 1 in Stealth
 31417 | Elf:2    | Noticed Rupert
 31457 | Elf:2    | Killed Rupert
 31768 | Elf:3    | Upgraded the game from 0.16-a0-1858-gba9b1e2 to 0.16-a0-1885-g0f03bb0
 32017 | Elf:3    | Gained mutation: You are dopey. (Int -2) [a cacodemon]
 32282 | Elf:3    | Noticed a deep elf blademaster
 32285 | Elf:3    | Noticed a deep elf master archer
 32338 | Elf:3    | Killed a ghostly deep elf blademaster
 32344 | Elf:3    | Killed a deep elf master archer
 32344 | Elf:3    | Received a gift from Okawaru
 32390 | Elf:3    | Identified Gedozomi's Catalogue of Confrontation and Heat
 32480 | Elf:3    | Noticed a deep elf blademaster
 32493 | Elf:3    | Killed a deep elf blademaster
 32521 | Elf:3    | Noticed a deep elf master archer
 32540 | Elf:3    | Killed a deep elf master archer
 32540 | Elf:3    | Reached skill level 10 in Hexes
 32563 | Elf:3    | Identified the Compendium of Dark Secrets
 32569 | Elf:3    | Identified Khufu's Almanac of Necromancy
 32843 | Orc:4    | Bought the cursed ring of Kueveh {+cTele rElec} for 915 gold pieces
 32986 | Orc:2    | Bought a scroll of remove curse for 36 gold pieces
 32986 | Orc:2    | Bought a scroll of enchant armour for 90 gold pieces
 32986 | Orc:2    | Bought a scroll of remove curse for 36 gold pieces
 32986 | Orc:2    | Bought a scroll of recharging for 114 gold pieces
 32986 | Orc:2    | Bought a scroll of remove curse for 36 gold pieces
 32986 | Orc:2    | Bought a scroll of remove curse for 36 gold pieces
 32986 | Orc:2    | Bought a scroll of random uselessness for 12 gold pieces
 32986 | Orc:2    | Bought a scroll of fear for 42 gold pieces
 33284 | Crypt:1  | Entered Level 1 of the Crypt
 33573 | Crypt:2  | Noticed Jorgrun
 33576 | Crypt:2  | Noticed Mennas
 33615 | Crypt:2  | Killed Mennas
 33629 | Crypt:2  | Killed Jorgrun
 33741 | Crypt:3  | Entered Level 3 of the Crypt
 33937 | Crypt:3  | Found an ancient bone altar of Kikubaaqudgha.
 34132 | Crypt:3  | Reached XP level 23. HP: 214/221 MP: 25/25
 34204 | Crypt:3  | Noticed Jory
 34233 | Crypt:3  | Killed Jory
 34233 | Crypt:3  | Received a gift from Okawaru
 34283 | Crypt:3  | Got an ancient golden ring
 34285 | Crypt:3  | Identified the ring "Pheuf" {rN+ Dex+4 Int+4} (You took it off a death knight on level 3 of the Crypt)
 34294 | Crypt:3  | Got a slimy brass ring
 34296 | Crypt:3  | Identified the ring "Pseboetu" {rN+ Str+3} (You found it on level 3 of the Crypt)
 34312 | Crypt:3  | Got a fine lapis lazuli ring
 34320 | Crypt:3  | Identified the ring of the Harvest {rN+ Str+3 SInv Stlth--} (You took it off an unborn on level 3 of the Crypt)
 34509 | Crypt:3  | Found a staircase to the Tomb.
 34558 | Tomb:1   | Entered Level 1 of the Tomb of the Ancients
 34779 | Tomb:1   | Noticed a greater mummy
 34781 | Tomb:1   | Noticed a greater mummy
 34782 | Tomb:1   | Noticed a greater mummy
 34799 | Tomb:1   | Killed a greater mummy
 34810 | Tomb:1   | Noticed a greater mummy
 34813 | Tomb:1   | Noticed a greater mummy
 34813 | Tomb:1   | Noticed a greater mummy
 34817 | Tomb:1   | HP: 10/221 [greater mummy/torment (6)]
 34820 | Tomb:1   | Gained mutation: Your body is slowly deteriorating. [a neqoxec]
 34828 | Tomb:1   | Gained mutation: You have supernaturally acute eyesight. [a neqoxec]
 35088 | Tomb:1   | Noticed a greater mummy
 35430 | Tomb:1   | Noticed a greater mummy
 35430 | Tomb:1   | Noticed a greater mummy
 35433 | Tomb:1   | HP: 9/221 [phantasmal warrior[a greater mummy] (16)]
 35433 | Tomb:1   | HP: 4/221 [death scarab (1)]
 35434 | Tomb:1   | Mangled by a death scarab

Action                   |  1- 3 |  4- 6 |  7- 9 | 10-12 | 13-15 | 16-18 | 19-21 | 22-24 || total
-------------------------+-------+-------+-------+-------+-------+-------+-------+-------++-------
Melee: Unarmed           |    70 |   254 |    68 |       |       |    10 |       |       ||   402
       Giant club        |       |       |   205 |   603 |   430 |       |       |       ||  1238
       Giant spiked club |       |       |       |       |  1204 |  1482 |  1900 |  1184 ||  5770
 Fire: Blowgun           |       |       |       |       |     7 |       |       |       ||     7
Throw: Large rock        |     3 |    10 |    25 |    95 |    95 |    58 |    32 |     5 ||   323
       Throwing net      |       |     3 |       |     4 |     2 |       |       |       ||     9
 Cast: Repel Missiles    |       |       |       |       |       |     2 |     8 |     7 ||    17
       Regeneration      |       |       |       |       |       |       |    41 |    30 ||    71
       Flight            |       |       |       |       |       |       |       |     2 ||     2
       Silence           |       |       |       |       |       |       |       |     1 ||     1
Invok: Heroism           |       |     1 |    14 |    46 |    59 |    51 |    25 |    13 ||   209
       Finesse           |       |       |       |       |     3 |     4 |     1 |     4 ||    12
 Abil: Evoke Flight      |       |       |       |       |       |     8 |       |       ||     8
       Evoke Teleportati |       |       |       |       |       |       |       |    16 ||    16
Evoke: Wand              |       |       |     2 |       |     3 |     4 |     5 |     4 ||    18
  Use: Scroll            |       |       |    16 |     8 |    18 |    12 |    17 |     9 ||    80
       Potion            |       |       |       |       |     4 |     1 |     8 |     8 ||    21
 Stab: Sleeping          |       |       |     2 |     4 |     2 |     8 |     9 |     3 ||    28
       Confused          |       |       |     2 |       |       |       |       |       ||     2
       Distracted        |       |       |     1 |       |       |     2 |     2 |     2 ||     7
       Held in net/web   |       |       |       |       |     1 |       |       |       ||     1
       Petrifying        |       |       |       |       |       |     1 |       |       ||     1
  Eat: Chunk             |       |     8 |    25 |    35 |    78 |    69 |    52 |    25 ||   292
       Royal jelly       |       |       |       |     1 |     1 |     1 |       |       ||     3
       Pizza             |       |       |       |     1 |     1 |     2 |       |     1 ||     5
       Bread ration      |       |       |       |       |     1 |       |     2 |     3 ||     6
       Meat ration       |       |       |       |       |     1 |       |     1 |     1 ||     3
       Fruit             |       |       |       |       |     1 |       |       |       ||     1
       Beef jerky        |       |       |       |       |       |       |     5 |     1 ||     6
